Map: [ESL] Royal Blood

Players

DRG - Winner!

  • Race: Zerg Zerg

SpeCial

  • Race: Terran Terran

Event: IEM Katowice 2023

VOD

Have the link to the VOD?

Description

Time

  • Played on: Feb. 10, 2023, 12:56 p.m.
  • Length: 15:22

All games in this series

Show
View Real Time Build Order
Export as new Build Order

DRG Zerg - Winner!

Build Orders: Hatch First 

Get SALT Encoding   

  12  0:00  Drone  
  13  0:11  Overlord  
  13  0:16  Drone  
  14  0:30  Drone x2  
  16  0:47  Hatchery  
  15  0:50  Drone  
  15  0:53  Drone  
  15  0:56  Drone  
  18  1:08  Extractor  
  17  1:12  Spawning Pool  
  17  1:15  Drone  
  17  1:18  Drone  
  18  1:27  Drone  
  19  1:38  Drone  
  20  1:48  Drone  
  21  1:58  Queen x2  
  21  1:59  Zergling x2  
  21  2:00  Zergling x2  
  27  2:09  Overlord  
  27  2:11  Zergling x2  
  27  2:13  Metabolic Boost  
  28  2:29  Hatchery  
  27  2:30  Drone  
  27  2:33  Drone  
  27  2:35  Drone  
  29  2:41  Queen  
  31  2:47  Overlord  
  31  2:48  Drone  
  32  2:51  Drone  
  32  2:54  Drone  
  32  2:56  Drone  
  35  3:03  Overlord  
  35  3:06  Drone  
  35  3:08  Spore Crawler  
  35  3:09  Zergling x2  
  35  3:11  Drone  
  38  3:14  Drone x2  
  38  3:18  Queen  
  42  3:25  Zergling x4  
  44  3:30  Drone  
  45  3:35  Overlord  
  45  3:41  Queen  
  45  3:42  Drone x2, Queen  
  45  3:47  Drone  
  45  3:48  Overlord  
  52  3:51  Drone x2  
  52  3:55  Drone x2  
  56  3:58  Drone  
  56  4:01  Queen  
  59  4:05  Zergling x4  
  57  4:18  Spore Crawler  
  57  4:20  Drone  
  57  4:22  Spore Crawler  
  56  4:26  Drone x4  
  56  4:31  Drone x2  
  62  4:32  Drone  
  62  4:35  Drone  
  62  4:36  Drone x3  
  65  4:45  Drone x2  
  67  4:50  Zergling x4  
  69  4:54  Overlord  
  69  5:03  Drone x2  
  69  5:05  Drone  
  72  5:09  Overlord x2  
  72  5:12  Overlord  
  72  5:13  Lair  
  72  5:16  Extractor x2  
  72  5:18  Drone x3  
  72  5:20  Overlord  
  73  5:23  Overlord  
  73  5:29  Drone x3, Roach Warren  
  73  5:31  Drone  
  73  5:33  Drone  
  77  5:36  Drone  
  77  5:41  Zergling x12  
  81  5:47  Drone x3  
  82  5:51  Drone x2  
  82  5:52  Drone  
  82  5:56  Drone x2  
  87  5:57  Extractor x2  
  87  5:58  Extractor  
  87  5:59  Drone  
  87  6:03  Drone x2  
  86  6:05  Drone x3  
  86  6:08  Drone  
  86  6:11  Drone, Glial Reconstitution  
  89  6:14  Evolution Chamber  
  89  6:15  Drone  
  90  6:19  Overlord  
  90  6:20  Overlord  
  90  6:24  Drone  
  91  6:26  Drone  
  91  6:27  Overseer  
  91  6:34  Roach x5  
  91  6:37  Drone x2  
  103  6:42  Zerg Missile Weapons Level 1  
  103  6:44  Overlord  
  103  6:46  Overlord  
  103  6:58  Roach x3, Hatchery  
  108  7:01  Overlord  
  108  7:03  Roach x4  
  116  7:11  Overlord x2  
  123  7:15  Roach x4  
  123  7:16  Roach x2  
  127  7:25  Drone x5  
  132  7:31  Infestation Pit, Evolution Chamber  
  132  7:33  Tunneling Claws, Burrow  
  132  7:35  Drone x5  
  135  7:38  Drone x3  
  135  7:42  Overlord  
  135  7:43  Overlord  
  138  7:45  Roach x2  
  134  8:00  Zerg Melee Weapons Level 1  
  128  8:06  Drone x6  
  128  8:08  Infestor x3  
  128  8:09  Extractor, Infestor  
  128  8:10  Extractor  
  139  8:14  Hive  
  139  8:17  Baneling Nest, Ravager  
  139  8:22  Hydralisk Den  
  139  8:25  Drone x4  
  139  8:26  Drone  
  139  8:35  Zergling x18  
  139  8:37  Zerg Missile Weapons Level 2  
  139  8:39  Overlord  
  148  8:42  Overlord  
  148  8:43  Pneumatized Carapace  
  148  8:44  Zergling x8  
  148  8:48  Overlord  
  152  8:51  Zergling x10  
  152  8:55  Muscular Augments  
  156  9:00  Roach x3  
  162  9:03  Centrifugal Hooks  
  162  9:06  Hydralisk x3  
  168  9:13  Roach x3  
  164  9:19  Hydralisk x6  
  171  9:29  Adrenal Glands  
  171  9:30  Zergling x18  
  180  9:37  Drone x2  
  182  9:38  Spine Crawler  
  182  9:39  Spine Crawler  
  182  9:40  Zergling x6  
  180  9:47  Zergling x14  
  180  9:52  Zergling x8  
  180  9:54  Hatchery  
  180  9:55  Roach  
  180  9:58  Zerg Melee Weapons Level 2  
  176  10:00  Spire  
  176  10:04  Overlord  
  176  10:06  Grooved Spines  
  175  10:08  Baneling x10  
  175  10:10  Overlord  
  175  10:28  Drone x7  
  182  10:29  Hatchery  
  182  10:31  Zergling x20  
  187  10:35  Drone  
  187  10:36  Drone x2, Spine Crawler  
  187  10:38  Spine Crawler  
  187  10:39  Spine Crawler  
  186  10:46  Extractor, Zergling x18  
  186  10:48  Extractor  
  186  10:49  Baneling x7, Overseer  
  190  11:03  Hydralisk x4, Overseer  
  179  11:05  Zergling x16  
  179  11:06  Infestor x4  
  174  11:11  Zergling x2  
  174  11:12  Zergling x10  
  170  11:22  Greater Spire  
  170  11:23  Zerg Missile Weapons Level 3  
  170  11:27  Drone x2  
  170  11:30  Baneling x4  
  170  11:31  Baneling x3  
  182  11:46  Zergling x22  
  155  11:49  Hydralisk  
  155  11:51  Zergling x6  
  140  11:55  Roach x9  
  140  11:58  Ravager x5  
  140  12:00  Viper x3  
  172  12:05  Roach x4  
  172  12:07  Baneling x5  
  180  12:12  Zergling x12  
  186  12:18  Ravager x5  
  173  12:30  Roach x8  
  173  12:34  Roach x4  
  169  12:38  Roach x3  
  169  12:43  Roach x4  
  174  12:49  Ravager x4  
  178  12:56  Drone x6  
  183  13:05  Corruptor x3  
  189  13:16  Corruptor x2  
  189  13:17  Corruptor  
  189  13:18  Zerg Flyer Weapons Level 1  
  190  13:27  Hydralisk x5, Zergling x12  
  180  13:34  Roach x6  
  179  13:46  Roach x8  
  182  13:55  Brood Lord x2  
  186  13:57  Extractor x2  
  186  13:58  Spine Crawler  
  186  14:02  Brood Lord  
  185  14:07  Brood Lord  
  185  14:09  Brood Lord  
  189  14:14  Brood Lord  
  190  14:21  Drone  
  190  14:23  Hydralisk x5  
  195  14:28  Baneling x5  
  195  14:30  Spine Crawler, Zergling x2  
  195  14:31  Spine Crawler  
  198  14:42  Hydralisk  
  200  14:48  Baneling x2  
  200  14:52  Roach, Overseer x3  
  200  14:56  Roach x2  
Show
View Real Time Build Order
Export as new Build Order

SpeCial Terran 

Build Orders: Liberator Opening 

Get SALT Encoding   

  12  0:00  SCV  
  13  0:12  SCV  
  14  0:18  Supply Depot  
  14  0:24  SCV  
  15  0:40  SCV  
  15  0:41  Barracks  
  16  0:43  Refinery  
  16  0:52  SCV  
  16  0:53  Refinery  
  18  1:04  SCV  
  18  1:17  SCV  
  19  1:28  Reaper  
  19  1:29  Orbital Command, Supply Depot  
  20  1:42  Factory  
  20  1:55  SCV  
  20  2:00  Reaper  
  22  2:07  SCV  
  23  2:17  Command Center  
  23  2:21  SCV  
  24  2:25  Hellion  
  26  2:32  Reaper  
  26  2:33  SCV  
  28  2:39  Starport  
  28  2:47  Hellion  
  31  2:51  Supply Depot  
  31  2:52  SCV  
  31  3:13  SCV, Hellion  
  31  3:16  Liberator  
  38  3:22  Barracks Reactor  
  38  3:25  SCV  
  36  3:34  Orbital Command  
  36  3:37  SCV  
  36  3:40  Hellion  
  39  3:49  SCV  
  40  3:56  Command Center  
  40  4:01  Starport Tech Lab  
  40  4:03  SCV x2  
  42  4:12  Marine, Hellion x2  
  47  4:20  SCV x2  
  51  4:32  SCV  
  51  4:33  SCV  
  53  4:42  Hellion  
  53  4:44  SCV  
  54  4:45  Supply Depot  
  54  5:03  Factory  
  54  5:04  Factory  
  54  5:07  SCV x2, Hellion  
  54  5:13  Hellion  
  63  5:14  SCV  
  63  5:19  SCV x2  
  64  5:29  Hellion  
  64  5:31  SCV x2  
  64  5:34  Hellion  
  70  5:35  Orbital Command  
  70  5:36  Refinery  
  70  5:37  Refinery  
  69  5:43  SCV x2  
  67  5:50  Hellion  
  67  5:52  Factory Tech Lab x2  
  67  5:53  Orbital Command  
  67  5:55  SCV x2  
  67  5:56  Liberator, Hellion  
  77  6:07  SCV  
  77  6:16  Supply Depot  
  77  6:17  Supply Depot  
  77  6:18  Factory, SCV, Cyclone x2  
  84  6:19  Factory, SCV  
  84  6:24  Infernal Pre-Igniter  
  84  6:25  Mag-Field Accelerator  
  85  6:28  Supply Depot  
  85  6:38  SCV x3, Hellion x2  
  85  6:39  Supply Depot  
  92  6:42  Armory  
  92  6:50  SCV x3, Hellion  
  97  6:56  Cyclone  
  97  7:00  Hellion  
  102  7:02  SCV x3  
  102  7:06  Factory Tech Lab, Factory Reactor  
  105  7:09  Engineering Bay  
  105  7:11  Refinery  
  105  7:13  Refinery  
  105  7:14  SCV x3  
  105  7:15  Supply Depot  
  108  7:18  Hellion  
  108  7:21  Hellion  
  112  7:23  Cyclone  
  112  7:26  SCV x2  
  117  7:31  Supply Depot  
  117  7:32  Terran Vehicle And Ship Armor Level 1  
  117  7:36  SCV  
  118  7:37  Starport Tech Lab  
  118  7:39  SCV x2  
  118  7:42  Cyclone  
  123  7:46  Supply Depot  
  123  7:47  Supply Depot  
  123  7:49  SCV, Cyclone  
  123  7:51  SCV x2  
  112  8:01  SCV  
  112  8:03  SCV  
  112  8:04  Banshee, SCV  
  116  8:10  Hellion x3  
  116  8:11  Cyclone, Hellion  
  127  8:14  Cyclone  
  127  8:17  SCV x2  
  132  8:22  Supply Depot  
  132  8:24  SCV, Supply Depot  
  133  8:29  Supply Depot  
  129  8:37  Hellion x4  
  129  8:38  Cyclone  
  138  8:48  Siege Tank x2  
  144  8:53  Raven  
  144  8:55  SCV  
  142  9:00  Command Center  
  142  9:06  Armory  
  140  9:10  Siege Tank  
  140  9:11  Hellion x4  
  151  9:18  SCV  
  151  9:21  SCV  
  151  9:27  Raven  
  151  9:30  Sensor Tower  
  153  9:33  Siege Tank x2  
  158  9:42  Siege Tank  
  158  9:43  Hellion  
  162  9:47  SCV, Hellion  
  162  9:51  SCV x2  
  167  9:55  Orbital Command  
  157  10:00  SCV, Hellion  
  157  10:01  Missile Turret, Hellion  
  157  10:03  Terran Vehicle Weapons Level 1, SCV  
  157  10:04  Hellion  
  157  10:05  Siege Tank  
  167  10:09  Hellion  
  169  10:15  SCV  
  169  10:16  SCV  
  170  10:26  SCV  
  171  10:32  Siege Tank x2  
  171  10:34  SCV  
  176  10:37  Siege Tank  
  176  10:38  SCV  
  176  10:43  Planetary Fortress, Barracks, SCV  
  176  10:46  SCV, Hellion x4  
  184  10:50  SCV  
  184  10:52  Missile Turret  
  184  10:54  Terran Vehicle And Ship Armor Level 2  
  185  11:00  SCV  
  185  11:04  Siege Tank  
  174  11:09  SCV  
  174  11:10  SCV  
  176  11:12  SCV  
  176  11:13  Hellion x2  
  176  11:14  Raven  
  179  11:23  SCV, Refinery  
  179  11:24  Refinery  
  180  11:25  Missile Turret  
  180  11:28  Sensor Tower  
  180  11:37  Factory  
  180  11:38  Factory  
  180  11:40  Factory  
  180  11:43  Siege Tank, SCV  
  149  11:47  Cyclone, Hellion x2  
  149  11:49  Raven  
  149  11:51  Hellion  
  147  11:55  Hellion x2  
  151  12:01  SCV  
  154  12:08  Hellion  
  154  12:09  Terran Vehicle Weapons Level 2  
  154  12:15  Cyclone  
  154  12:22  Cyclone, Hellion  
  159  12:27  SCV  
  159  12:28  SCV x2  
  145  12:31  Raven  
  145  12:35  Cyclone, Hellion  
  136  12:39  SCV  
  136  12:40  SCV x2  
  136  12:41  Hellion x5  
  131  12:48  Cyclone, Hellion  
  131  12:51  SCV  
  134  12:52  SCV x2  
  134  12:54  Factory Tech Lab, Cyclone  
  134  12:57  Hellion  
  141  13:03  SCV  
  141  13:04  SCV x2  
  144  13:07  Cyclone, Raven  
  144  13:10  Refinery  
  144  13:11  Hellion  
  149  13:13  Hellion  
  149  13:15  SCV  
  149  13:16  SCV x2  
  149  13:17  Siege Tank  
  155  13:20  Cyclone  
  144  13:34  SCV  
  143  13:35  Cyclone  
  143  13:36  Hellion  
  143  13:37  SCV x2  
  143  13:40  Cyclone  
  153  13:41  Raven  
  153  13:46  SCV, Hellion x2  
  149  13:49  Factory Tech Lab, Factory Reactor, Cyclone  
  149  13:52  Cyclone, Hellion  
  157  13:58  Hellion  
  159  14:07  Cyclone, Hellion x2  
  166  14:12  Siege Tank  
  166  14:15  Hellion  
  171  14:17  Siege Tank  
  171  14:18  Liberator  
  171  14:19  Hellion  
  171  14:21  Siege Tank  
  180  14:30  Supply Depot  
  180  14:43  Command Center  
  180  14:44  Missile Turret  
  180  14:45  Sensor Tower  
  180  14:52  Hellion x2  
  187  15:00  Hellion  

Tags
 
Add a new tag
Caveats
  • Supply blocks, unpowered buildings, or Contaminate may cause inaccurate times.
  • Supply counts are checked every 10 seconds.